cohdb
Replays
Latest Replays
All Replays
Popular Replays
Top Player Replays
Match Explorer
How It Works
Community
CoH3 Stats
Reddit
Sign in to upload your games and track your stats! →
Sign in with Steam
Match 41811257
Unlisted
Match 41811257
Overview
Messages
Build Orders
End
Kradschützen Motorcycle Team
Selects Battlefield Espionage Battlegroup
Panzerpioneer Squad
Panzerpioneer Squad
Panzerpioneer Squad
Panzerpioneer Squad
Construct Light Support Kompanie
Selects Intel Disruption Beacon
Fire Support Elements
le.IG 18 Support Gun Team
Selects 250/3 Funkpanzerwagen
2.5-tonne Medical Truck
Kitsuné
Dumais
FooKilla
purepinoy
0
0
Comments
sign in to comment!
No comments posted yet!